 Dungeon Crawl Stone Soup version 0.17-a0-1849-g8a24fa2 (webtiles) character file.

12628 Banto the Grappler (level 11, -5/91 HPs)
             Began as a Troll Arcane Marksman on Sept 18, 2015.
             Was an Elder of Qazlal.
             Slain by an eight-headed hydra (15 damage)
             ... on level 11 of the Dungeon.
             The game lasted 00:17:02 (9131 turns).

Banto the Grappler (Troll Arcane Marksman)          Turns: 9131, Time: 00:17:02

Health: -5/91      AC: 12    Str: 21    XL:     11   Next: 64%
Magic:  0/11       EV: 10    Int:  9    God:    Qazlal [****..]
Gold:   465        SH:  5    Dex: 12    Spells: 1 memorised, 11 levels left

rFire  . . .     SeeInvis .       - Unarmed
rCold  . . .     Clarity  .     c - +1 robe
rNeg   . . .     SustAt   .     (no shield)
rPois  .         Gourm    +     E - +1 hat {Spirit}
rElec  .         Spirit   +     u - +1 cloak
rCorr  .         Warding  .     (gloves unavailable)
rMut   +         Stasis   .     (boots unavailable)
MR     +....                    D - amulet of resist mutation
Stlth  +.........               B - ring of protection from magic
                                H - +4 ring of protection

@: repel missiles, somewhat resistant to hostile enchantments, very unstealthy
A: unfitting armour, claws 3, deformed body, fast metabolism 3, gourmand,
regeneration 2, shaggy fur 1, tough skin 2
a: Upheaval, Elemental Force, Renounce Religion


You were on level 11 of the Dungeon.
You worshipped Qazlal.
Qazlal was greatly pleased with you.
You were not hungry.

You visited 2 branches of the dungeon, and saw 13 of its levels.

You collected 491 gold pieces.
You spent 26 gold pieces at shops.

Inventory:

Missiles
 a - 3 large rocks
 b - a throwing net
 v - 6 javelins of returning
 y - 2 tomahawks (quivered)
 M - 5 javelins
Armour
 c - a +1 robe (worn)
 u - a +1 cloak (worn)
 E - a +1 hat of spirit shield (worn)
 N - a troll hide
Jewellery
 B - a ring of protection from magic (right claw)
 D - an amulet of resist mutation (around neck)
 H - a +4 ring of protection (left claw)
Magical devices
 j - a wand of flame (17)
 I - a wand of fireball (5)
 K - a wand of invisibility (5)
Scrolls
 f - 2 scrolls of blinking
 g - 2 scrolls of teleportation
 n - 4 scrolls of remove curse
 o - a scroll of magic mapping
 s - 2 scrolls of fog
 C - a scroll of fear
Potions
 d - 3 potions of might
 h - 2 potions of cancellation
 i - 3 potions of brilliance
 l - 2 potions of agility
 q - 8 potions of curing
 r - a potion of flight
 t - a potion of haste
 w - 2 potions of berserk rage
 x - 2 potions of cure mutation
 z - a potion of ambrosia {unknown}
 A - 2 potions of invisibility
 F - 2 potions of resistance
 G - a potion of poison {unknown}
Comestibles
 e - 7 bread rations
 k - 7 beef jerkies
 m - 3 slices of pizza
 p - 3 meat rations


   Skills:
 + Level 1.0 Fighting
 - Level 10.0 Throwing
 - Level 1.5 Dodging
 + Level 14.7 Unarmed Combat
 - Level 1.0 Spellcasting
 - Level 2.0 Hexes


You had 11 spell levels left.
You knew the following spells:

 Your Spells              Type           Power        Failure   Level  Hunger
a - Corona                Hex            #......      17%         1    ##.....


Dungeon Overview and Level Annotations

Branches:
Dungeon (12/15)            Temple (1/1) D:5            Lair (0/8) D:10
    Orc (0/4) D:10

Altars:
Ashenzari
Cheibriados
Dithmenos
Elyvilon
Fedhas
Gozag
Kikubaaqudgha
Makhleb
Nemelex Xobeh
Okawaru
Qazlal
Ru
Sif Muna
Trog
Vehumet
Xom
Yredelemnul
Zin
The Shining One

Shops:
D:5 [}[%   D:8 ?   D:9 :


Innate Abilities, Weirdness & Mutations

You are too large for most types of armour.
You have claws for hands.
Your metabolism is lightning-fast.
You like to eat raw meat.
You heal very quickly.
You are covered in fur (AC +1).
You have very tough skin (AC +2).
Armour fits poorly on your strangely shaped body.


Message History

The eight-headed hydra bites you!
* * * LOW HITPOINT WARNING * * *
Unknown command.
Throwing (i - inventory. (,) - cycle):
y - 3 tomahawks (quivered)
Press: ? - help, Shift-Dir - straight line, f/p - eight-headed hydra
Aim: an eight-headed hydra (almost dead)
You throw a tomahawk.
The tomahawk hits the eight-headed hydra.
The eight-headed hydra is almost dead.
The eight-headed hydra bites you but does no damage.
The eight-headed hydra bites you.
* * * LOW HITPOINT WARNING * * *
The eight-headed hydra bites you but does no damage.
The eight-headed hydra completely misses you.
The eight-headed hydra bites you.
* * * LOW HITPOINT WARNING * * *
The eight-headed hydra bites you!
* * * LOW HITPOINT WARNING * * *
The eight-headed hydra bites you!
You die...

#..##..##.§.# #...
#..##..##'####
#..#.#..##..#......
#.(#.#...#..#......
#.(#.#...#..#.#####
#.(#.#...#..'.§....
#.(.(#..##.##......
#..D.#..##.######..
#.@..#..........#.#
#.§.§#§.........#.#
#.#§.#.§........'..
#.#..'..§.......##'
#.#..#..........##.
#.#..#.....####+##.
#.#..#######.....#.
#.#..............#.
#.#...........#§.#.


You could see an eight-headed hydra.

Vanquished Creatures
  Gastronok (D:8)
  Erica (D:8)
  Urug (D:10)
  An ice statue (D:10)
  An unseen horror (D:11)
  An ugly thing (D:11)
  Psyche (D:8)
  2 gargoyles (D:10)
  An orange crystal statue (D:10)
  2 two-headed ogres
  A troll (D:10)
  A shadow (D:11)
  Sigmund (D:2)
  2 deep elf magi
  A hungry ghost (D:8)
  A hippogriff (D:9)
  2 wolves (D:10)
  Edmund (D:5)
  3 ice beasts
  A wasp (D:11)
  An orc warrior (D:10)
  A black bear (D:11)
  2 phantoms
  4 big kobolds
  5 ogres
  9 centaurs
  5 giant frogs
  A wyvern zombie (D:9)
  7 wights
  16 killer bees
  An electric eel (D:10)
  6 crimson imps
  2 centaur zombies
  2 giant frog skeletons (D:10)
  2 giant frog zombies
  8 hounds
  3 jellies
  6 orc priests
  7 worker ants
  8 orc wizards
  3 hound skeletons
  A hound zombie (D:6)
  A worker ant zombie (D:10)
  7 gnolls
  8 adders
  4 shadow imps
  4 oozes
  2 worms (D:3)
  5 giant geckos
  31 orcs
  3 ball pythons
  8 giant cockroaches
  10 hobgoblins
  23 kobolds
  5 quokkas
  15 bats
  4 giant newts
  9 goblins
  5 jackals
  7 rats
277 creatures vanquished.

Notes
Turn   | Place    | Note
--------------------------------------------------------------
     0 | D:1      | Banto the Troll Arcane Marksman began the quest for the Orb.
     0 | D:1      | Reached XP level 1. HP: 18/18 MP: 1/1
   193 | D:1      | Reached skill level 1 in Unarmed Combat
   261 | D:1      | Reached XP level 2. HP: 24/26 MP: 2/2
   974 | D:2      | Reached XP level 3. HP: 32/32 MP: 3/3
  1125 | D:2      | Found a sacrificial altar of Ru.
  1125 | D:2      | Found a sparkling altar of Nemelex Xobeh.
  1127 | D:2      | Found a bloodstained altar of Trog.
  1133 | D:2      | Found a glowing silver altar of Zin.
  1134 | D:2      | Found a white marble altar of Elyvilon.
  1377 | D:2      | Noticed Sigmund
  1387 | D:2      | Killed Sigmund
  1387 | D:2      | Reached skill level 3 in Throwing
  1387 | D:2      | Reached skill level 4 in Unarmed Combat
  1387 | D:2      | Reached XP level 4. HP: 31/40 MP: 2/4
  1387 | D:2      | Reached XP level 5. HP: 35/46 MP: 2/5
  1542 | D:2      | Found a glowing golden altar of the Shining One.
  1722 | D:3      | Reached XP level 6. HP: 18/54 MP: 6/6
  1979 | D:3      | Found a faded altar to an unknown god.
  2404 | D:3      | Reached skill level 5 in Unarmed Combat
  2983 | D:4      | Reached skill level 6 in Unarmed Combat
  2983 | D:4      | Reached XP level 7. HP: 57/61 MP: 7/7
  3607 | D:5      | Entered Level 5 of the Dungeon
  3727 | D:5      | Found Duytilag's Armour Emporium.
  3752 | D:5      | Found Maewod's Armour Shop.
  4026 | D:5      | Found Epnog's Food Shop.
  4033 | D:5      | Noticed Edmund
  4045 | D:5      | Killed Edmund
  4045 | D:5      | Reached skill level 7 in Unarmed Combat
  4101 | D:5      | Reached skill level 5 in Throwing
  4142 | D:5      | Found a staircase to the Ecumenical Temple.
  4146 | D:5      | Found Beukiato's Gadget Boutique.
  4158 | Temple   | Entered the Ecumenical Temple
  4178 | Temple   | Became a worshipper of Qazlal Stormbringer
  4222 | D:5      | Reached XP level 8. HP: 37/68 MP: 8/8
  4329 | D:5      | Found a sacrificial altar of Ru.
  4557 | D:6      | Reached skill level 8 in Unarmed Combat
  5140 | D:6      | Reached skill level 9 in Unarmed Combat
  5406 | D:7      | Acquired Qazlal's first power
  5546 | D:7      | Reached XP level 9. HP: 75/75 MP: 9/9
  5629 | D:7      | Reached skill level 10 in Unarmed Combat
  5942 | D:8      | Found a blossoming altar of Fedhas.
  6007 | D:8      | Acquired Qazlal's second power
  6081 | D:8      | Noticed Gastronok
  6103 | D:8      | Found Rapouff's Magic Scroll Shoppe.
  6149 | D:8      | Noticed Psyche
  6172 | D:8      | Killed Psyche
  6172 | D:8      | Reached skill level 11 in Unarmed Combat
  6224 | D:8      | Bought a scroll of identify for 26 gold pieces
  6235 | D:8      | Noticed Erica
  6241 | D:8      | Killed Erica
  6241 | D:8      | Reached XP level 10. HP: 48/83 MP: 10/10
  6325 | D:8      | Killed Gastronok
  6325 | D:8      | Reached skill level 12 in Unarmed Combat
  6703 | D:9      | Found Iwyp's Book Shoppe.
  7047 | D:9      | Reached skill level 13 in Unarmed Combat
  7432 | D:10     | Entered Level 10 of the Dungeon
  7528 | D:10     | Noticed Urug
  7555 | D:10     | Killed Urug
  7555 | D:10     | Acquired Qazlal's third power
  7555 | D:10     | Reached XP level 11. HP: 11/89 MP: 1/11
  7745 | D:10     | Found a staircase to the Lair.
  7769 | D:10     | Found a staircase to the Orcish Mines.
  8196 | D:10     | Reached skill level 14 in Unarmed Combat
  8270 | D:10     | Noticed an ice statue
  8286 | D:10     | Killed an ice statue
  8879 | D:11     | You fall through a shaft!
  8959 | D:11     | Acquired Qazlal's fourth power
  8999 | D:11     | Killed an unseen horror
  8999 | D:11     | Reached skill level 10 in Throwing
  9007 | D:11     | Gained mutation: Armour fits poorly on your strangely shaped body. [mutagenic meat]
  9051 | D:11     | Reached skill level 1 in Fighting
  9122 | D:11     | Noticed an eight-headed hydra
  9131 | D:11     | Slain by an eight-headed hydra

Vault maps used:
D:1:      dpeg_arrival_solitude, serial_park_tiny_1, serial_bayou_crossing
D:2:      grunt_temple_overflow_open, nicolae_overflow_hidden_temple,
          uniq_sigmund
D:3:      ecumenical_altar_1, first_bread, small_statue_intersection
D:4:      grunt_ministairs_7
D:5:      temple_fountains, serial_shops, shop, nicolae_shop_stone, shop,
          nicolae_shop_stone, nicolae_ru_awakened_eye, uniq_edmund
D:6:      minmay_misc_feat_alley
D:8:      kennysheep_mini_moat, serial_shops, shop_fountains, uniq_erica,
          uniq_gastronok, uniq_psyche
D:9:      serial_shops, nicolae_shop_behind_doors
D:10:     minmay_separated_statues, erik_lair_island, orc_0_dummy, uniq_urug
D:11:     portal_ice_cave_entry_imps
D:12:     hangedman_little_slice_of_home
Temple:   nicolae_temple_no_exploring_needed

Action                   |  1- 3 |  4- 6 |  7- 9 | 10-12 || total
-------------------------+-------+-------+-------+-------++-------
Melee: Unarmed           |   106 |   150 |   333 |   324 ||   913
Throw: Large rock        |     3 |     3 |     1 |       ||     7
       Tomahawk          |       |       |     7 |    28 ||    35
       Throwing net      |       |       |     2 |     2 ||     4
 Cast: Corona            |     1 |       |     3 |     4 ||     8
Evoke: Wand              |       |       |       |     3 ||     3
  Use: Scroll            |       |    12 |    12 |       ||    24
 Stab: Sleeping          |     3 |     5 |     6 |       ||    14
       Distracted        |       |     2 |       |       ||     2
       Held in net/web   |       |       |       |     2 ||     2
  Eat: Chunk             |    15 |    16 |    31 |    30 ||    92
